 Dungeon Crawl Stone Soup version 0.29-a0-542-g075992c915 (webtiles) character file.

Game seed: 2279522104345085052

110 happo123 the Sneak (level 5, -3/28 HPs)
             Began as a Kobold Enchanter on June 3, 2022.
             Slain by an orc
             ... wielding a +0 mace
              (6 damage)
             ... on level 3 of the Dungeon.
             The game lasted 00:08:15 (2715 turns).

happo123 the Sneak (Kobold Enchanter)               Turns: 2715, Time: 00:08:16

Health: -3/28      AC:  3    Str:  6    XL:     5   Next: 14%
Magic:  5/9        EV: 16    Int: 18    God:
Gold:   198        SH:  0    Dex: 21    Spells: 1/9 levels left

rFire   . . .      SeeInvis .   a - +1 dagger
rCold   . . .      Faith    .   (no shield)
rNeg    . . .      Spirit   .   b - +0 robe
rPois   .          Reflect  .   (no helmet)
rElec   .          Harm     .   (no cloak)
rCorr   .          Rampage  .   (no gloves)
Will    .....                   j - +0 pair of boots
Stlth   ++++......              (no amulet)
HPRegen 0.09/turn               d - +6 ring of dexterity
MPRegen 0.11/turn               (no ring)

@: no status effects
A: small, no large weapons, nightstalker 3
a: no special abilities


You were on level 3 of the Dungeon.
You visited 1 branch of the dungeon, and saw 3 of its levels.

You collected 198 gold pieces.

Inventory:

Hand Weapons
 a - a +1 dagger (weapon)
Armour
 b - a +0 robe (worn)
 j - a +0 pair of boots (worn)
Magical Staves
 f - a staff of earth
Jewellery
 d - a +6 ring of dexterity (left hand)
Wands
 q - a wand of charming (6)
Scrolls
 g - 5 scrolls of identify {unknown}
 k - 2 scrolls of teleportation {unknown}
 l - a scroll of vulnerability {unknown}
 m - a scroll of poison {unknown}
 o - a scroll of immolation {unknown}
 p - a scroll of blinking {unknown}
Potions
 c - 2 potions of invisibility
 e - 4 potions of curing {unknown}
 h - a potion of lignification {unknown}
 i - 2 potions of mutation {unknown}
 n - 2 potions of resistance {unknown}


   Skills:
 + Level 0.7 Fighting
 + Level 2.6 Short Blades
 + Level 3.3 Dodging
 + Level 4.8 Stealth
 + Level 2.8 Spellcasting
 * Level 3.7 Hexes


You had one spell level left.
You knew the following spells:

 Your Spells              Type           Power      Damage    Failure   Level
a - Ensorcelled Hibernat  Hex/Ice        18%        N/A       12%         2
b - Confusing Touch       Hex            16%        N/A       11%         3
c - Tukima's Dance        Hex            16%        N/A       11%         3

Your spell library contained the following spells:

 Spells                   Type           Power      Damage    Failure   Level
 Dazzling Flash           Conj/Hex       18%        N/A       24%         3
 Sublimation of Blood     Necr           2%         N/A       26%         2
 Petrify                  Tmut/Erth      2%         N/A       86%         4
 Irradiate                Conj/Tmut      1%         3d13      99%         5


Dungeon Overview and Level Annotations

Branches:
Dungeon (3/15)

Altars:
Qazlal
Uskayaw


Innate Abilities, Weirdness & Mutations

You are small and have problems with some larger weapons.
You are completely attuned to the shadows.


Message History

Aim: a quokka (chance to affect: 61%)
The quokka looks drowsy...
The helpless quokka fails to defend itself.
You impale the quokka!!
You kill the quokka!
Things that are here:
a +0 dagger; a +4 ring mail; an orc corpse
i - 2 metallic red potions (gained 1)
g - 5 scrolls labelled ZEMOHEETONO (gained 1)
Found a hide-covered altar of Uskayaw. 2 orcs come into view.
An orc priest comes into view. It is wielding a +0 flail.
An orc comes into view. It is wielding a +0 club.
The orc shouts! x3; You hear a shout!
The orc priest shouts!
An adder comes into view.
The orc attacks as you move away! The orc misses you.
Aiming: Ensorcelled Hibernation (safe; 12% risk of failure)
Press: ? - help, Q - select action, (/) - cycle Shift-Dir - straight line, f - orc
Aim: an orc, wielding a +0 short sword (chance to affect: 61%)
The orc resists with significant effort.
The orc closely misses you.
An orc priest comes into view. It is wielding a +0 flail.
The orc priest calls down the wrath of Beogh upon you.
Beogh smites you! The orc attacks as you move away! The orc barely misses you.
The adder bites you but does no damage.
Aiming: Ensorcelled Hibernation (safe; 12% risk of failure)
Press: ? - help, Q - select action, (/) - cycle Shift-Dir - straight line, f/p - orc
Aim: an orc, wielding a +0 short sword (chance to affect: 61%)
The orc looks drowsy...
The helpless orc fails to defend itself.
You impale the orc!!
You kill the orc!
The orc priest invokes the aid of Beogh against you.
Beogh smites you!
Ouch! That really hurt!
* * * LOW HITPOINT WARNING * * *
The orc attacks as you move away! The orc hits you with a +0 mace.
You die...

....)......†...#.#...#.##
...............#.#.#.#.#
...............#.#.#.#†##
...............# #.#...
...............# .#.#...
...............# .......
...............# ##.#...
..≈≈..≈..≈≈≈######.......
..≈≈..≈≈@....≈≈≈.#.....#.
...So≈≈.≈.....#.....#.
.≈..o....≈≈≈._###...#.
....o≈≈.≈.....# #.#.#.
≈..≈≈o....≈≈≈.# #.
≈..≈..≈≈≈###### #+
.....o.... .........
.........


You could see 2 orc priests, an adder and 2 orcs.

Vanquished Creatures
  3 adders (D:3)
  A dart slug (D:1)
  5 orcs (D:3)
  8 endoplasms
  3 giant cockroaches (D:1)
  4 goblins
  6 hobgoblins
  6 jackals (D:2)
  8 kobolds
  5 quokkas
  4 ball pythons
  3 bats
  3 frilled lizards
  8 rats
67 creatures vanquished.

Notes
Turn   | Place    | Note
-------+----------+-------------------------------------------
     0 | D:1      | happo123 the Kobold Enchanter began the quest for the Orb.
     0 | D:1      | Reached XP level 1. HP: 10/10 MP: 3/3
   281 | D:1      | Reached XP level 2. HP: 12/15 MP: 5/5
   289 | D:1      | Learned a level 2 spell: Ensorcelled Hibernation
   704 | D:1      | Reached XP level 3. HP: 19/19 MP: 6/6
  1472 | D:2      | Found a stormy altar of Qazlal.
  1694 | D:2      | Found a faded altar of an unknown god.
  1771 | D:2      | Reached XP level 4. HP: 24/24 MP: 6/8
  1849 | D:2      | Learned a level 3 spell: Confusing Touch
  2541 | D:3      | Reached XP level 5. HP: 28/28 MP: 9/9
  2549 | D:3      | Learned a level 3 spell: Tukima's Dance
  2699 | D:3      | Found a hide-covered altar of Uskayaw.
  2715 | D:3      | Slain by an orc

Illustrated notes

Levels and vault maps discovered:
D:1:      heliophobic_arrival_enchanted_forest, layout_rooms,
          hangedman_decor_diamond_cutter
D:2:      layout_basic, basic_altar, hellmonk_ecumenical_altar_run_dry,
          chequers_garden, hangedman_decor_points
D:3:      layout_basic, general_overflow_altar, nicolae_uskayaw_suspiria

Skill      XL: |  1  2  3 |
---------------+----------+-----
Short Blades   | 2 |  2.6
Dodging        | 3 |  3.3
Fighting       | |  0.7
Stealth        | |  4.8
Spellcasting   | |  2.8
Hexes          | |  3.7

Action                   |  1- 3 |  4- 6 || total
-------------------------+-------+-------++-------
Melee: Dagger            |    94 |    40 ||   134
       Punch             |     2 |       ||     2
 Cast: Ensorcelled Hiber |    15 |    13 ||    28
 Stab: Sleeping          |    20 |    20 ||    40
       Distracted        |     1 |     1 ||     2
Armor: Robe              |    10 |     4 ||    14
Dodge: Dodged            |    72 |    26 ||    98

Table legend: (Time is in decaauts)
 A = Elapsed time spent in this place.
 B = Non-inter-level travel time spent in this place.
 C = Inter-level travel time spent in this place.
 D = Time resting spent in this place.
 E = Time spent auto-exploring this place.
 F = Levels seen in this place.
 G = Mean time per level.
                   A        B        C        D        E       F      G
               +--------+--------+--------+--------+--------+-----+--------+
         Total |   2701 |   2597 |    104 |      0 |   2143 |   3 |  900.3 |
       Dungeon |   2701 |   2597 |    104 |      0 |   2143 |   3 |  900.3 |
               +--------+--------+--------+--------+--------+-----+--------+

Top non-repeatable levels by time:
     D:1: 1242 daAuts
     D:2: 1185 daAuts
     D:3: 272 daAuts
